 Dungeon Sprint DCSS version 0.21.1-1-g345015f (webtiles) character file.

359 wilfster70 the Basher (level 6, 0/42 HPs)
             Began as a Gargoyle Fighter on May 11, 2018.
             Was an Initiate of Okawaru.
             Killed by divine providence
             ... invoked by a meliai
              (13 damage)
             ... in the Dungeon (Sprint IX: "|||||||||||||||||||||||||||||").
             The game lasted 00:02:11 (253 turns).

wilfster70 the Basher (Gargoyle Fighter)             Turns: 253, Time: 00:02:12

Health: 0/42       AC: 20    Str: 22    XL:     6   Next: 65%
Magic:  6/6        EV:  8    Int: 11    God:    Okawaru [......]
Gold:   0          SH: 10    Dex:  9    Spells: 5/5 levels left

rFire    . . .     SeeInvis .   a - +0 flail
rCold    . . .     Gourm    .   c - +0 shield
rNeg     + . .     Faith    .   r - +1 chain mail
rPois    ∞         Spirit   .   q - +0 helmet
rElec    +         Reflect  .   p - +0 cloak
rCorr    .         Harm     .   (no gloves)
MR       .....     NoTele   +   (no boots)
Stlth    ..........             (no amulet)
HPRegen  0.14/turn              b - +3 ring of intelligence
MPRegen  0.10/turn              s - +2 ring of protection

@: no status effects
A: negative energy resistance 1, electricity resistance, unbreathing,
petrification resistance, rot immunity, AC +4
a: Renounce Religion


You were in the Dungeon.
You worshipped Okawaru.
Okawaru was noncommittal.
You were not hungry.

You visited 1 branch

Inventory:

Hand Weapons
 a - a +0 flail (weapon)
Armour
 c - a +0 shield (worn)
 p - a +0 cloak (worn)
 q - a +0 helmet (worn)
 r - a +1 chain mail (worn)
Jewellery
 b - a +3 ring of intelligence (left hand)
 s - a +2 ring of protection (right hand)
Wands
 o - a wand of acid (10)
Scrolls
 k - 2 scrolls of blinking
 m - 3 scrolls of remove curse
 n - 2 scrolls of amnesia
Potions
 d - a potion of invisibility
 e - 5 potions of curing
 g - 2 potions of heal wounds
 h - a potion of haste
 i - 4 potions of magic
 j - a potion of berserk rage
Comestibles
 f - a ration
 l - 15 chunks of flesh


   Skills:
 + Level 6.9 Fighting
 * Level 8.3 Maces & Flails
 + Level 6.9 Armour
 + Level 4.4 Dodging
 + Level 6.9 Shields


You had 5 spell levels left.
You didn't know any spells.

Dungeon Overview and Level Annotations

Branches:
Dungeon (1/1)

Altars:
Cheibriados
Dithmenos
Elyvilon
Fedhas
Gozag
Hepliaklqana
Kikubaaqudgha
Makhleb
Nemelex Xobeh
Okawaru
Qazlal
Ru
Sif Muna
Trog
Uskayaw
Vehumet
Wu Jian
Xom
Yredelemnul
Zin
The Shining One
Beogh
Jiyva
Lugonu


Innate Abilities, Weirdness & Mutations

You are resistant to torment.
Your stone body is resilient. (AC +4)
You are immune to poison.
You resist negative energy. (rN+)
You are resistant to electric shocks. (rElec)
You can survive without breathing.
You are immune to petrification.
You are immune to rotting.


Message History

The meliai is almost dead.
The meliai hits you but does no damage.
The meliai stings you but does no damage.
The meliai mumbles some strange prayers to its god against you.
Something smites you!
Your shield and chain mail prevent you from hitting the meliai.
The meliai is almost dead.
You block the meliai's attack. The meliai stings you.
The meliai hits you with a hand axe.
The meliai stings you but does no damage.
You closely miss the meliai.
The meliai is almost dead.
The meliai mumbles some strange prayers to its god against you.
Something smites you! You block the meliai's attack.
The meliai stings you but does no damage.
You barely miss the meliai.
The meliai is almost dead.
The meliai calls down the wrath of its god upon you.
Something smites you!
You die...

▓.▓
▓H▓
▓D▓
▓c▓
▓{▓
▓H▓
▓y▓
▓@▓
▓.▓
▓.▓
▓.▓
▓.▓
▓.▓
▓'▓
▓.▓
▓.▓


You could see a four-headed hydra, a centaur warrior, 2 manticores and a meliai.

Vanquished Creatures
  2 centaurs (D)
  A bullfrog (D)
  A crimson imp (D)
  A jelly (D)
  2 worker ants (D)
  An adder (D)
  An orc (D)
  2 hobgoblins (D)
  A jackal (D)
  2 kobolds (D)
  2 quokkas (D)
16 creatures vanquished.

Notes
Turn   | Place    | Note
-------+----------+-------------------------------------------
     0 | D        | wilfster70 the Gargoyle Fighter began the quest for the Orb.
     0 | D        | Reached XP level 1. HP: 14/14 MP: 1/1
    94 | D        | Noticed a worker ant
    94 | D        | Noticed a centaur
    94 | D        | Noticed a centaur
   101 | D        | Killed a centaur
   101 | D        | Reached skill level 5 in Fighting
   101 | D        | Reached skill level 5 in Maces & Flails
   101 | D        | Reached skill level 5 in Armour
   101 | D        | Reached XP level 2. HP: 3/21 MP: 2/2
   101 | D        | Reached XP level 3. HP: 4/26 MP: 3/3
   101 | D        | Reached XP level 4. HP: 5/31 MP: 4/4
   103 | D        | Killed a centaur
   103 | D        | Reached skill level 6 in Maces & Flails
   103 | D        | Reached skill level 5 in Shields
   103 | D        | Reached XP level 5. HP: 35/36 MP: 5/5
   122 | D        | Found a roughly hewn altar of Beogh.
   122 | D        | Found a snail-covered altar of Cheibriados.
   122 | D        | Found a shadowy altar of Dithmenos.
   122 | D        | Found a white marble altar of Elyvilon.
   122 | D        | Found a blossoming altar of Fedhas.
   122 | D        | Found an opulent altar of Gozag.
   123 | D        | Found a hazy altar of Hepliaklqana.
   124 | D        | Found a viscous altar of Jiyva.
   125 | D        | Found an ancient bone altar of Kikubaaqudgha.
   126 | D        | Found a corrupted altar of Lugonu.
   127 | D        | Found a burning altar of Makhleb.
   128 | D        | Found a sparkling altar of Nemelex Xobeh.
   129 | D        | Found an iron altar of Okawaru.
   130 | D        | Found a stormy altar of Qazlal.
   131 | D        | Found a sacrificial altar of Ru.
   132 | D        | Found a deep blue altar of Sif Muna.
   133 | D        | Found a bloodstained altar of Trog.
   134 | D        | Found a hide-covered altar of Uskayaw.
   135 | D        | Found a radiant altar of Vehumet.
   136 | D        | Found an ornate altar of the Wu Jian Council.
   137 | D        | Became a worshipper of Warmaster Okawaru
   138 | D        | Found a shimmering altar of Xom.
   139 | D        | Found a basalt altar of Yredelemnul.
   140 | D        | Found a glowing silver altar of Zin.
   141 | D        | Found a glowing golden altar of the Shining One.
   196 | D        | Reached skill level 7 in Maces & Flails
   196 | D        | Reached XP level 6. HP: 41/41 MP: 6/6
   222 | D        | Reached skill level 8 in Maces & Flails
   249 | D        | Noticed a manticore
   249 | D        | Noticed a four-headed hydra
   249 | D        | Noticed a centaur warrior
   249 | D        | Noticed a manticore
   249 | D        | Noticed a meliai
   253 | D        | Killed from afar by a meliai

Skill      XL: |  1  2  3  4  5  6 |
---------------+-------------------+-----
Fighting       | 5 6 |  6.9
Maces & Flails | 5 6 7 8 |  8.3
Armour         | 5 6 |  6.9
Dodging        | 2 3 4 |  4.4
Shields        | 4 5 6 |  6.9

Action                   |  1- 3 |  4- 6 || total
-------------------------+-------+-------++-------
Melee: Flail             |    35 |    49 ||    84
  Use: Potion            |     1 |     1 ||     2
Armor: Scale mail        |    15 |     3 ||    18
       Chain mail        |       |    25 ||    25
Dodge: Dodged            |    11 |    14 ||    25
Block: Shield            |    18 |    24 ||    42
